AoeStats
← iM 我要打十个

Arena

506810975Analyzed
4v4 RM · 18d ago on Sep 15, 2026· 18m 9s· 8 players
Game mode
Random Map
Map size
Large (8 player)
Population
200
Speed
Normal
Resources
Standard
Victory
Conquest
Starting age
Dark Age
Ending age
Imperial Age
RankedLock teamsTeams togetherTeam positionsShared explorationLock speedFull tech treeHidden civsTurbo modeCheats
Victory
Defeat
🇨🇳 Italians · China
1527
+10
🇨🇳 Britons · China
1380
+16
🇨🇳 Franks · China
1368
+16
🇨🇳 Khmer · China
1134
+25
🇸🇪 Ethiopians · Sweden
1406
-18
🇦🇺 Berbers · Australia
1393
-18
🇦🇺 Britons · Australia
1365
-17
🇨🇳 Wei · China
1305
-14
胸毛在燃烧
9:41 Feudal Age
14:13 Castle Age
12:13 Double-Bit Axe
16:18 Bow Saw
18:08 Wheelbarrow
18:12 Loom
福州宇哥
10:58 Feudal Age
14:48 Castle Age
16:41 Double-Bit Axe
钢铁兽
11:05 Feudal Age
12:46 Double-Bit Axe
12:52 Gold Mining
15:08 Castle Age
16:07 Bow Saw
16:05 Loom
iM 我要打十个
0:53 Loom
6:48 Loom
10:52 Feudal Age
14:47 Castle Age
12:33 Horse Collar
12:39 Double-Bit Axe
16:13 Bow Saw
16:47 Heavy Plow
17:47 Loom
EVA_Rinocherino
9:32 Feudal Age
11:01 Double-Bit Axe
13:20 Castle Age
11:28 Horse Collar
14:20 Bow Saw
Vinkz
11:38 Feudal Age
15:16 Castle Age
13:06 Double-Bit Axe
14:06 Loom
14:28 Gold Mining
14:33 Stone Mining
15:09 Fletching
只爆叉叉
10:57 Feudal Age
12:01 Double-Bit Axe
14:33 Castle Age
12:47 Horse Collar
15:56 Bow Saw
16:08 Heavy Plow
PTL_Keckerz
10:00 Feudal Age
9:52 Loom
14:12 Castle Age
12:19 Double-Bit Axe
12:54 Horse Collar
14:21 Wheelbarrow
15:03 Bow Saw
14:54 Heavy Plow
17:29 Hand Cart
Connection lost

Rejoining the realm…

Still unreachable

The connection could not be restored.

Session expired

The server has moved on; the page needs a fresh start.